 Dungeon Crawl Stone Soup version 0.24-a0-235-g3f03afc (webtiles) character file.

Game seed: 5858711958417200649

378 Hylith the Grave Robber (level 6, -3/51 HPs)
             Began as a Hill Orc Necromancer on Apr 7, 2019.
             Was an Initiate of Okawaru.
             Slain by Natasha (5 damage)
             ... on level 4 of the Dungeon.
             The game lasted 00:11:51 (3482 turns).

Hylith the Grave Robber (Hill Orc Necromancer)      Turns: 3482, Time: 00:11:52

Health: -3/51      AC:  9    Str: 13    XL:     6   Next: 74%
Magic:  0/10       EV: 11    Int: 19    God:    Okawaru [......]
Gold:   152        SH:  0    Dex: 11    Spells: 3/10 levels left

rFire    . . .     SeeInvis .   a - +0 hand axe (chop)
rCold    . . .     Gourm    .   (no shield)
rNeg     . . .     Faith    .   h - +3 ring mail
rPois    .         Spirit   .   (no helmet)
rElec    .         Reflect  .   (no cloak)
rCorr    .         Harm     .   q - +0 pair of gloves
MR       .....                  (no boots)
Stlth    +.........             (no amulet)
HPRegen  0.17/turn              n - +4 ring of intelligence
MPRegen  0.12/turn              (no ring)

@: very slightly contaminated, slowed, very slow
A: no striking features
a: Renounce Religion


You were on level 4 of the Dungeon.
You worshipped Okawaru.
Okawaru was noncommittal.
You were not hungry.

You visited 2 branches of the dungeon, and saw 6 of its levels.

You collected 152 gold pieces.

Inventory:

Hand Weapons
 a - a +0 hand axe of chopping (weapon)
Missiles
 g - 54 stones (quivered)
Armour
 h - a +3 ring mail (worn)
 p - a +0 robe
 q - a +0 pair of gloves (worn)
Magical Staves
 u - an uncursed staff of fire
Jewellery
 n - a +4 ring of intelligence (left hand)
Wands
 e - a wand of enslavement (9)
 v - a wand of paralysis (9)
Scrolls
 b - 2 scrolls of noise {unknown}
 j - a scroll of remove curse
 o - a scroll of enchant armour {unknown}
 r - 2 scrolls of teleportation
 s - a scroll of magic mapping {unknown}
 w - 2 scrolls of identify {unknown}
 y - a scroll of random uselessness {unknown}
Potions
 d - 4 potions of brilliance {unknown}
 i - a potion of heal wounds {unknown}
 k - 2 potions of degeneration {unknown}
 l - a potion of might {unknown}
 m - 2 potions of flight {unknown}
 t - 2 potions of haste {unknown}
 x - 2 potions of magic {unknown}
Comestibles
 c - 9 rations
 f - 15 chunks of flesh


   Skills:
 * Level 3.1 Fighting
 + Level 3.7 Axes
 + Level 1.1 Armour
 - Level 2.0 Dodging
 - Level 2.0 Stealth
 + Level 2.8 Spellcasting
 + Level 5.1 Necromancy


You had 3 spell levels left.
You knew the following spells:

 Your Spells              Type           Power        Failure   Level  Hunger
a - Pain                  Necr           ###.         4%          1    None
b - Regeneration          Chrm/Necr      ##........   34%         3    ###....
c - Vampiric Draining     Necr           ###.......   12%         3    ###....

Your spell library contained the following spells:

 Spells                   Type           Power        Failure   Level  Hunger
 Animate Skeleton         Necr           N/A          4%          1    None
 Animate Dead             Necr           N/A          36%         4    ####...


Dungeon Overview and Level Annotations

Branches:
Dungeon (5/15)             Temple (1/1) D:4

Altars:
Cheibriados
Elyvilon
Fedhas
Gozag
Hepliaklqana
Kikubaaqudgha
Makhleb
Nemelex Xobeh
Okawaru
Ru
Trog
Uskayaw
Vehumet
Wu Jian
Yredelemnul
The Shining One
Lugonu

Annotations:
D:4 Natasha


Message History

Casting: Regeneration (safe; 34% risk of failure)
Confirm with . or Enter, or press ? or * to list all spells.
You miscast Regeneration.
The air around you crackles with energy!
Natasha stares at you and mumbles some strange words.
The magic dart hits you.
* * * LOW HITPOINT WARNING * * *
Casting: Regeneration (safe; 34% risk of failure)
Confirm with . or Enter, or press ? or * to list all spells.
Aiming: Vampiric Draining (safe; 12% risk of failure)
Press: ? - help, Shift-Dir - straight line, f - Natasha
Aim: Natasha Natasha is heavily wounded.
You feel life coursing into your body. Natasha claws you but does no damage.
Natasha claws you.
* * * LOW HITPOINT WARNING * * *
You barely miss Natasha.
Natasha is heavily wounded.
Natasha claws you.
You die...

#.#
#....รท
#.#
#.....
#.#
#..O..
#.#
.......>
#.#
.#......
#.#
#......
#.#
#......
#.#
#......
#@# #h#
#.# #.#
#.# #.#
#.# #.#


You could see Natasha.

Vanquished Creatures
  An ogre (D:4)
  3 hounds (D:4)
  A worker ant (D:4)
  2 hound skeletons
  7 adders
  3 worms
  2 dart slugs
  5 leopard geckos
  8 orcs
  A giant cockroach (D:3)
  10 goblins
  2 hobgoblins
  6 jackals
  A quokka (D:4)
  7 bats
  6 frilled lizards
  A giant cockroach zombie (D:3)
  4 kobolds
  10 rats
80 creatures vanquished.

Notes
Turn   | Place    | Note
-------+----------+-------------------------------------------
     0 | D:1      | Hylith the Hill Orc Necromancer began the quest for the
                  | Orb.
     0 | D:1      | Reached XP level 1. HP: 14/14 MP: 3/3
   416 | D:1      | Reached XP level 2. HP: 19/20 MP: 4/4
   899 | D:2      | Reached skill level 1 in Fighting
   931 | D:2      | Reached XP level 3. HP: 23/28 MP: 5/5
   940 | D:2      | Learned a level 3 spell: Regeneration
  1083 | D:2      | Found a faded altar of an unknown god.
  1106 | D:2      | Found a blossoming altar of Fedhas.
  1108 | D:2      | Found a snail-covered altar of Cheibriados.
  1110 | D:2      | Found an ancient bone altar of Kikubaaqudgha.
  1110 | D:2      | Found a sparkling altar of Nemelex Xobeh.
  1404 | D:2      | Reached XP level 4. HP: 34/35 MP: 6/6
  1482 | D:2      | Found an ornate altar of the Wu Jian Council.
  1998 | D:3      | Reached skill level 1 in Axes
  2003 | D:3      | Found a burning altar of Makhleb.
  2152 | D:3      | Noticed a moth of wrath
  2155 | D:3      | Found a bloodstained altar of Trog.
  2440 | D:3      | Reached XP level 5. HP: 35/41 MP: 8/8
  2448 | D:3      | Learned a level 3 spell: Vampiric Draining
  2818 | D:4      | Found a hazy altar of Hepliaklqana.
  2953 | D:4      | Reached skill level 5 in Necromancy
  2968 | D:4      | Reached XP level 6. HP: 35/50 MP: 0/9
  3100 | D:4      | Found a bloodstained altar of Trog.
  3135 | D:4      | Found a white marble altar of Elyvilon.
  3153 | D:4      | Found a staircase to the Ecumenical Temple.
  3176 | Temple   | Entered the Ecumenical Temple
  3194 | Temple   | Became a worshipper of Warmaster Okawaru
  3238 | D:4      | Found a basalt altar of Yredelemnul.
  3264 | D:4      | You fall through a shaft!
  3264 | D:5      | Entered Level 5 of the Dungeon
  3280 | D:5      | Found a sacrificial altar of Ru.
  3452 | D:4      | Reached skill level 1 in Armour
  3474 | D:4      | Noticed Natasha
  3481 | D:4      | HP: 2/51 [Natasha (5)]
  3482 | D:4      | Slain by Natasha

Levels and vault maps discovered:
D:1:      evilmike_arrival_plus, layout_basic, minmay_misc_feat_alley,
          chequers_serial_rivers_micro_c
D:2:      layout_basic, grunt_temple_overflow_open, lemuel_doored_altar,
          chequers_ecumenical_altar_simple, first_ration, st_stairs_2,
          serial_park_tiny_1
D:3:      layout_loops_cross, overflow_temple_1_default, tgw_trog
D:4:      layout_loops_ring, nicolae_overflow_quartered_altars,
          minmay_temple_entry_overgrown, roderic_serpentine_path, uniq_pikel,
          uniq_natasha
D:5:      layout_loops_ring, nicolae_overflow_crystal_walls, basic_altar,
          minmay_pentangle, uniq_edmund
Temple:   kb_corrupted_temple

Skill      XL: |  1  2  3  4  5  6 |
---------------+-------------------+-----
Fighting       | 1 2 3 |  3.1
Dodging        | 2 |  2.0
Stealth        | 2 |  2.0
Spellcasting   | 2 |  2.8
Axes           | 1 2 3 |  3.7
Necromancy     | 5 |  5.1
Armour         | 1 |  1.1

Action                   |  1- 3 |  4- 6 || total
-------------------------+-------+-------++-------
Melee: Whip              |    60 |       ||    60
       Hand axe          |    36 |   179 ||   215
 Cast: Pain              |    15 |    21 ||    36
       Regeneration      |     1 |     5 ||     6
       Vampiric Draining |       |     9 ||     9
  Use: Scroll            |       |     2 ||     2
 Stab: Sleeping          |     1 |     2 ||     3
  Eat: Chunk             |     2 |     9 ||    11
Armor: Ring mail         |    37 |    19 ||    56
       Robe              |     5 |    25 ||    30
Dodge: Dodged            |    72 |   130 ||   202

Table legend:
 A = Non-vault XP
 B = Vault XP
 C = Vault XP percentage of total XP
 D = Non-vault monster count
 E = Vault monster count
 F = Vault count percentage of total count
                 A         B        C        D         E       F
            +---------+---------+-------+---------+---------+-------
      Total |     524 |      16 |   3.0 |      73 |       7 |   8.8
            +---------+---------+-------+---------+---------+-------
        D:1 |      13 |       0 |   0.0 |      11 |       0 |   0.0
        D:2 |      81 |       7 |   8.0 |      17 |       2 |  10.5
        D:3 |      66 |       9 |  12.0 |      22 |       5 |  18.5
        D:4 |     351 |       0 |   0.0 |      22 |       0 |   0.0
        D:5 |      13 |       0 |   0.0 |       1 |       0 |   0.0
            +---------+---------+-------+---------+---------+-------
